 Dungeon Crawl Stone Soup version 0.19-a0-994-g3c636f0 (webtiles) character file.

100601 4thArraOfDagon the Brawler (level 15, -1/137 HPs)
             Began as a Troll Air Elementalist on July 17, 2016.
             Was a High Priest of the Shining One.
             Shot with an arrow by a deep elf master archer (11 damage)
             ... on level 3 of the Elven Halls.
             The game lasted 00:58:41 (9310 turns).

4thArraOfDagon the Brawler (Troll Air Elementalist) Turns: 9310, Time: 00:58:42

Health: -1/137     AC: 10    Str: 26    XL:     15   Next: 81%
Magic:  21/21      EV: 15    Int: 16    God:    the Shining One [*****.]
Gold:   408        SH: 12    Dex: 12    Spells: 2 memorised, 18 levels left

rFire  + . .     SeeInvis .       - Unarmed
rCold  + . .     Gourm    +     Y - +2 robe {rC+}
rNeg   + + .     Faith    .     V - +0 shield
rPois  .         Spirit   .     S - +2 hat
rElec  .         Dismiss  .     J - +0 cloak
rCorr  .         Reflect  .     (gloves unavailable)
SustAt .         Harm     .     (boots unavailable)
MR     +++++     Clarity  +     f - amulet "Loqel" {+Rage Str+3 Dex+2}
Stlth  +.........               U - ring of Hospitality {Wiz *Corrode +Blink +Inv MR+++}
                                d - +3 ring of strength

@: glowing, almost entirely resistant to hostile enchantments, very unstealthy
A: unfitting armour, claws 3, horns 2, repulsion field 1, icy blue scales 1,
berserk 1, clarity, deformed body, fire resistance 1, fast metabolism 3,
gourmand, magic resistance 1, regeneration 2, shaggy fur 1, tough skin 2,
subdued magic 1
a: Divine Shield, Cleansing Flame, Summon Divine Warrior, Renounce Religion,
Evoke Blink, Evoke Berserk Rage, Evoke Invisibility


You were on level 3 of the Elven Halls.
You worshipped the Shining One.
The Shining One was extremely pleased with you.
You were very full.

You visited 4 branches of the dungeon, and saw 21 of its levels.
You visited 1 bazaar.
You also visited: Sewer, Ossuary, Ice Cave and Volcano.

You collected 2088 gold pieces.
You spent 1680 gold pieces at shops.

Inventory:

Hand Weapons
 u - a +0 giant spiked club of freezing
Missiles
 P - 56 large rocks
 R - a throwing net (quivered)
Armour
 y - the +6 fire dragon armour "Zoatroz" {rF++ rC- rN+ rCorr Str-3 Int+2, unknown}
   (You took it off a deep elf master archer on level 3 of the Elven Halls)

   It affects your strength (-3).
   It affects your intelligence (+2).
   It greatly protects you from fire.
   It makes you vulnerable to cold.
   It protects you from negative energy.
   It protects you from acid and corrosion.
 J - a +0 cloak (worn)
 S - a +2 hat (worn)
 V - a +0 shield (worn)
 Y - a +2 robe of cold resistance (worn)
Jewellery
 a - the amulet of Mewanonya {Gourm rElec Stlth+}
   (You found it on level 3 of the Elven Halls)

   [amulet of the gourmand]

   It allows you to eat raw meat even when not hungry.
   It insulates you from electricity.
   It makes you more stealthy.
 d - a +3 ring of strength (left claw)
 f - the amulet "Loqel" (around neck) {+Rage Str+3 Dex+2}
   (You bought it in a shop in a bazaar)

   [amulet of rage]

   It affects your strength (+3).
   It affects your dexterity (+2).
   It lets you go berserk.
 g - a +3 ring of strength
 A - the amulet of Iqoa {RegenMP Str+3 Int+6 Stlth-}
   (You took it off a deep elf annihilator on level 3 of the Elven Halls)

   [amulet of magic regeneration]

   It increases your magic regeneration.
   It affects your strength (+3).
   It affects your intelligence (+6).
   It makes you less stealthy.
 N - an uncursed ring of protection from cold
 U - the ring of Hospitality (right claw) {Wiz *Corrode +Blink +Inv MR+++}
   (You bought it in a shop in a bazaar)

   [ring of wizardry]

   It improves your spell success rate.
   It affects your resistance to hostile enchantments.
   It lets you turn invisible.
   It lets you blink.
   It may corrode you when you take damage.
 W - an uncursed amulet of regeneration
Wands
 e - a wand of digging (4/24)
 q - a wand of iceblast (1/15)
 F - a wand of lightning (0/15)
 O - a wand of enslavement (5/24)
 T - a wand of hasting (4/9)
Scrolls
 b - a scroll of fear
 j - 3 scrolls of enchant weapon
 k - 4 scrolls of immolation {unknown}
 n - a scroll of blinking
 p - 3 scrolls of enchant armour
 t - 3 scrolls of fog
 B - 4 scrolls of teleportation
 G - 2 scrolls of recharging
 K - a scroll of silence
 L - 3 scrolls of remove curse
 X - 5 scrolls of magic mapping
 Z - 2 scrolls of amnesia
Potions
 i - 3 potions of brilliance
 l - a potion of heal wounds
 m - a potion of degeneration
 o - a potion of cancellation
 r - a potion of agility
 s - 3 potions of lignification
 v - 3 potions of might
 w - 5 potions of flight
 x - 6 potions of curing
 C - a potion of resistance
 D - a potion of haste
 E - 2 potions of berserk rage
 I - 2 potions of magic
Miscellaneous
 z - a lamp of fire
 Q - a phantom mirror
Comestibles
 c - 4 bread rations
 h - 4 meat rations
 M - a royal jelly


   Skills:
 - Level 6.3 Fighting
 - Level 7.4 Dodging
 - Level 1.1 Stealth
 * Level 11.3 Shields
 * Level 18.1 Unarmed Combat
 + Level 4.3 Spellcasting
   Level 0.6 Conjurations
 - Level 2.0 Air Magic
 - Level 10.0 Invocations


You had 18 spell levels left.
You knew the following spells:

 Your Spells              Type           Power        Failure   Level  Hunger
b - Repel Missiles        Chrm/Air       #.....       6%          2    ##.....
c - Swiftness             Chrm/Air       #.......     6%          2    ##.....


Dungeon Overview and Level Annotations

Branches:
Dungeon (15/15)            Temple (1/1) D:6            Lair (0/6) D:11
    Orc (2/2) D:9             Elf (3/3) Orc:2        Vaults (0/5) D:14
 Depths: D:15

Altars:
Elyvilon
Fedhas
Hepliaklqana
Pakellas
Xom
The Shining One
Beogh

Shops:
Orc:2 [:*(   Elf:2 =?[?


Innate Abilities, Weirdness & Mutations

You are too large for most types of armour.
You have claws for hands.
Your metabolism is lightning-fast.
You like to eat raw meat.
You heal very quickly.
You are covered in fur. (AC +1)
You have very tough skin. (AC +2)
You have a pair of horns on your head.
You are surrounded by a mild repulsion field. (EV +2)
You are partially covered in icy blue scales. (AC +1)
You tend to lose your temper in combat.
You possess an exceptional clarity of mind.
Armour fits poorly on your strangely shaped body.
Your flesh is heat resistant. (rF+)
You are resistant to hostile enchantments. (MR+)
Your spells are a little easier to cast, but a little less powerful.


Message History

The arrow hits you!!
* * * LOW HITPOINT WARNING * * *
Unknown command.
Throwing (i - inventory. (,) - cycle):
P - 56 large rocks (quivered)
Press: ? - help, Shift-Dir - straight line, f/p - deep elf master archer
Aim: a deep elf master archer, wielding a longbow and wearing a leather armour (moderately wounded, haloed)
Okay, then.
Unknown command.
Quiver which item? (- for none, * to show all) (? for menu, Esc to quit)
Quivering
R - 2 throwing nets for throwing.
Throwing (i - inventory. (,) - cycle):
R - 2 throwing nets (quivered)
Press: ? - help, Shift-Dir - straight line, f/p - deep elf master archer
Aim: a deep elf master archer, wielding a longbow and wearing a leather armour (moderately wounded, haloed)
You throw a throwing net.
The throwing net barely misses the deep elf master archer.
The deep elf master archer shoots an arrow.
The arrow closely misses you.
The deep elf master archer shoots an arrow.
The arrow hits you!
You die...

**,,,*,,#**,,######
*,,,**,,.e####....e
*****,,,...........
## ***,......#...#
#.# ####.........
#.# ##.#####......
#.###.#)#.#####.##
##e###(.(.e..e).#
#@#=.(..#.....).#
#.##.(#...).....##
#(# #..#..(......#
## #.####........#
# #.# ###....(###.
#.# #.....'#(# ##
####'##)## #.###.#
##'####)


You could see a deep elf master archer.

Vanquished Creatures
  2 deep elf blademasters (Elf:3)
  2 deep elf master archers (Elf:3)
  6 deep elf sorcerers (Elf:3)
  5 deep elf elementalists (Elf:3)
  2 deep elf demonologists (Elf:3)
  3 deep elf annihilators (Elf:3)
  3 deep elf high priests
  A deep elf death mage (Elf:3)
  A fire dragon (D:15)
  An ice dragon (Orc:1)
  4 centaur warriors
  5 dancing weapons
  7 deep elf knights
  A salamander mystic (Volcano)
  An unseen horror (D:12)
  A skeletal warrior (D:13)
  5 hill giants
  21 deep elf magi
  The ghost of WhatIsLove the Ducker, a novice DsGl of Cheibriados (D:7)
  8 deep elf archers
  12 ugly things
  5 cyclopes
  A salamander (Volcano)
  A black mamba (shapeshifter) (D:15)
  2 ice statues (IceCv)
  2 gargoyles (D:15)
  3 centaur skeletons
  A komodo dragon (D:15)
  A small abomination (Elf:3)
  2 kobold demonologists (D:11)
  11 ice devils (IceCv)
  3 polar bears (Orc:1)
  4 trolls
  A two-headed ogre (Orc:2)
  7 slime creatures
  A boulder beetle (D:15)
  A shadow (D:11)
  A centaur simulacrum (D:15)
  2 air elementals
  A wraith (D:13)
  14 yaks
  2 water elementals (Elf:2)
  3 fire elementals
  6 wyverns
  A hippogriff (D:8)
  A hungry ghost (D:10)
  A basilisk (D:14)
  A mottled dragon (D:15)
  7 wargs
  A soldier ant (shapeshifter) (D:15)
  A soldier ant (D:15)
  Duvessa (D:7)
  3 water moccasins
  7 ice beasts
  21 orc warriors
  A black bear (D:7)
  2 sky beasts
  A meliai simulacrum (D:15)
  A phantom (D:5)
  8 ogres
  3 wolves (Orc:1)
  15 centaurs
  A crocodile (D:15)
  A big kobold (Sewer)
  6 giant frogs
  An earth elemental (Elf:2)
  Dowan (D:7)
  3 scorpions
  8 killer bees
  A wight (D:15)
  3 crimson imps
  4 centaur zombies
  A giant frog zombie (D:12)
  The ghost of 4thArraOfDagon the Firebug, a weakling DEFE (D:3)
  7 hounds
  A quasit (D:11)
  3 jellies
  16 orc priests
  19 orc wizards
  A giant frog skeleton (D:12)
  3 iguanas
  5 worker ants
  A killer bee zombie (D:8)
  A big kobold zombie (Ossuary)
  A hound skeleton (D:10)
  3 mummies (Ossuary)
  3 worker ant zombies
  4 gnolls (D:7)
  5 adders
  2 river rats (Sewer)
  3 shadow imps
  8 white imps
  An ooze (D:2)
  6 ufetubi (IceCv)
  6 adder zombies
  7 giant geckos
  62 orcs
  2 bats
  A giant cockroach (D:6)
  3 gnoll zombies (Ossuary)
  3 goblins
  5 hobgoblins
  9 jackals
  A quokka (D:5)
  2 ball pythons
  2 giant newts (D:1)
  5 goblin zombies (Ossuary)
  4 hobgoblin zombies (Ossuary)
  3 jackal zombies
  7 kobolds
  4 kobold zombies (Ossuary)
  An orc zombie (Ossuary)
  3 quokka zombies
  2 rats (Sewer)
  6 rat zombies (Ossuary)
  A crawling corpse (Elf:3)
506 creatures vanquished.

Vanquished Creatures (collateral kills)
  Agnes (D:14)
  An orc warlord (Orc:2)
  A reaper (IceCv)
  A stone giant (Orc:2)
  A deep elf annihilator (Elf:3)
  A deep elf death mage (Elf:1)
  2 ettins (Orc:2)
  A centaur warrior (D:15)
  A dancing weapon (D:14)
  A death knight (D:13)
  2 orc high priests (Orc:2)
  2 deep elf knights (Elf:1)
  4 skeletal warriors (D:13)
  2 deep elf archers (Elf:1)
  11 ugly things
  3 salamanders (Volcano)
  7 cyclopes
  2 centaur zombies
  A polar bear (D:15)
  A two-headed ogre (Orc:2)
  A slime creature (D:15)
  2 water elementals
  A vampire (D:13)
  2 mottled dragons (D:13)
  An ice beast (D:15)
  3 orc warriors
  An ogre (Orc:2)
  4 centaurs
  An earth elemental (Elf:1)
  2 wights (D:15)
  An orc priest (Orc:2)
  An orc wizard (D:13)
  An adder (shapeshifter) (Elf:3)
  3 white imps
  An ufetubus (D:15)
  4 orcs
75 creatures vanquished.

Vanquished Creatures (others)
  2 white imps (IceCv)
  2 ufetubi (IceCv)
  A quokka (D:9)
  6 fungi
11 creatures vanquished.

Grand Total: 592 creatures vanquished

Notes
Turn   | Place    | Note
-------+----------+-------------------------------------------
     0 | D:1      | 4thArraOfDagon the Troll Air Elementalist began the quest for the Orb.
     0 | D:1      | Reached XP level 1. HP: 16/16 MP: 1/1
    25 | D:1      | Gained mutation: You are surrounded by a mild repulsion field. (EV +2) [potion of beneficial mutation]
    55 | D:1      | Reached skill level 1 in Unarmed Combat
   177 | D:2      | Reached XP level 2. HP: 24/24 MP: 2/2
   189 | D:2      | Reached skill level 2 in Unarmed Combat
   292 | D:3      | Reached XP level 3. HP: 29/31 MP: 3/3
   322 | D:3      | Noticed 4thArraOfDagon's ghost (weakling DEFE)
   330 | D:3      | Killed 4thArraOfDagon's ghost
   330 | D:3      | Reached skill level 3 in Unarmed Combat
   362 | D:2      | Reached XP level 4. HP: 36/39 MP: 4/4
   431 | D:5      | Entered Level 5 of the Dungeon
   456 | D:5      | Found a blossoming altar of Fedhas.
   567 | D:5      | Noticed a phantom
   580 | D:5      | Killed a phantom
   580 | D:5      | Reached skill level 4 in Unarmed Combat
   580 | D:5      | Reached XP level 5. HP: 37/45 MP: 5/5
   622 | D:5      | Reached skill level 5 in Unarmed Combat
   643 | D:6      | Noticed an ogre
   649 | D:6      | Noticed an ice beast
   652 | D:6      | Killed an ogre
   658 | D:6      | Reached skill level 6 in Unarmed Combat
   658 | D:6      | Reached XP level 6. HP: 19/53 MP: 6/6
   720 | D:6      | Killed an ice beast
   774 | D:7      | Found a sand-covered staircase.
   779 | D:7      | Reached skill level 7 in Unarmed Combat
   855 | D:6      | Reached XP level 7. HP: 56/59 MP: 7/7
   869 | D:6      | Found a staircase to the Ecumenical Temple.
   875 | Temple   | Entered the Ecumenical Temple
   898 | Temple   | Became a worshipper of the Shining One
   993 | Ossuary  | Entered an ossuary
  1011 | Ossuary  | Reached * piety under the Shining One
  1109 | Ossuary  | Reached ** piety under the Shining One
  1157 | Ossuary  | Reached *** piety under the Shining One
  1212 | Ossuary  | Reached skill level 1 in Invocations
  1266 | D:6      | Found a glowing drain.
  1274 | Sewer    | Entered a sewer
  1327 | Sewer    | Reached skill level 1 in Fighting
  1347 | Sewer    | Found a white marble altar of Elyvilon.
  1368 | Sewer    | Learned a level 2 spell: Repel Missiles
  1371 | Sewer    | Learned a level 2 spell: Swiftness
  1482 | D:7      | Noticed WhatIsLove's ghost (novice DsGl)
  1500 | D:7      | Killed WhatIsLove's ghost
  1500 | D:7      | Reached skill level 8 in Unarmed Combat
  1500 | D:7      | Reached XP level 8. HP: 50/72 MP: 8/8
  1664 | D:7      | Reached skill level 9 in Unarmed Combat
  1692 | D:7      | Noticed Duvessa
  1700 | D:7      | Noticed Dowan
  1709 | D:7      | Killed Duvessa
  1718 | D:7      | Killed Dowan
  1840 | D:8      | Reached XP level 9. HP: 80/80 MP: 10/10
  1878 | D:8      | Gained mutation: You are dopey. (Int -2) [mutagenic meat]
  1881 | D:8      | Lost mutation: You are dopey. (Int -2) [mutagenic meat]
  1884 | D:8      | Gained mutation: You are weak. (Str -2) [mutagenic meat]
  1887 | D:8      | Gained mutation: Your spells are a little easier to cast, but a little less powerful. [mutagenic meat]
  1890 | D:8      | Gained mutation: You tend to lose your temper in combat. [mutagenic meat]
  1985 | D:8      | Reached **** piety under the Shining One
  2030 | D:8      | Found a hazy altar of Hepliaklqana.
  2147 | D:9      | Reached skill level 10 in Unarmed Combat
  2203 | D:9      | Found an oddly glowing altar of Pakellas.
  2298 | D:9      | Found a staircase to the Orcish Mines.
  2338 | D:9      | Found a shimmering altar of Xom.
  2493 | D:9      | Found a white marble altar of Elyvilon.
  2570 | D:10     | Entered Level 10 of the Dungeon
  2581 | D:10     | Reached XP level 10. HP: 80/93 MP: 12/12
  2604 | D:10     | Noticed a hill giant
  2611 | D:10     | Killed a hill giant
  2611 | D:10     | Reached skill level 5 in Invocations
  2640 | D:10     | Reached skill level 11 in Unarmed Combat
  2713 | D:10     | Reached skill level 5 in Dodging
  2753 | D:10     | Reached ***** piety under the Shining One
  2779 | D:10     | Noticed a hill giant
  2961 | D:11     | Reached skill level 5 in Fighting
  3056 | D:11     | Found a staircase to the Lair.
  3192 | D:10     | Noticed a hill giant
  3208 | D:11     | Noticed a cyclops
  3248 | D:11     | Killed a cyclops
  3248 | D:11     | Reached skill level 12 in Unarmed Combat
  3289 | D:11     | Reached XP level 11. HP: 28/104 MP: 14/14
  3609 | D:12     | Noticed an unseen horror
  3627 | D:12     | Killed an unseen horror
  3697 | D:12     | Noticed a hill giant
  3704 | D:12     | Killed a hill giant
  3733 | D:12     | Noticed a brown ugly thing
  3743 | D:12     | Killed a brown ugly thing
  3953 | D:12     | Reached skill level 13 in Unarmed Combat
  4044 | D:13     | Noticed a death knight
  4065 | D:13     | Killed a death knight
  4093 | D:13     | Noticed a white ugly thing
  4099 | D:13     | Killed a white ugly thing
  4107 | D:13     | Lost mutation: You are weak. (Str -2) [mutagenic meat]
  4110 | D:13     | Gained mutation: You possess an exceptional clarity of mind. [mutagenic meat]
  4122 | D:13     | Noticed a hill giant
  4129 | D:13     | Killed a hill giant
  4188 | D:13     | Noticed a centaur warrior
  4195 | D:13     | Killed a centaur warrior
  4360 | D:14     | lol
  4394 | D:14     | Reached XP level 12. HP: 115/115 MP: 16/16
  4614 | D:13     | You fall through a shaft for 2 floors!
  4614 | D:15     | Entered Level 15 of the Dungeon
  4627 | D:14     | Noticed Agnes
  4633 | D:14     | Killed Agnes
  4633 | D:14     | Reached skill level 1 in Shields
  4633 | D:14     | Reached skill level 14 in Unarmed Combat
  4684 | D:14     | Found a gate to the Vaults.
  4886 | D:15     | Noticed a centaur warrior
  4902 | D:15     | Killed a centaur warrior
  4991 | D:15     | Noticed a centaur warrior
  4997 | D:15     | Killed a centaur warrior
  5037 | D:15     | Noticed a centaur warrior
  5060 | D:15     | Killed a centaur warrior
  5078 | D:15     | Reached XP level 13. HP: 52/122 MP: 9/18
  5093 | D:15     | Reached skill level 5 in Shields
  5138 | D:15     | Gained mutation: You are resistant to hostile enchantments. (MR+) [mutagenic meat]
  5141 | D:15     | Gained mutation: You have a pair of small horns on your head. [mutagenic meat]
  5144 | D:15     | Gained mutation: Your flesh is heat resistant. (rF+) [mutagenic meat]
  5147 | D:15     | Gained mutation: You are partially covered in icy blue scales. (AC +1) [mutagenic meat]
  5150 | D:15     | Gained mutation: Armour fits poorly on your strangely shaped body. [mutagenic meat]
  5153 | D:15     | Gained mutation: You have a pair of horns on your head. [mutagenic meat]
  5205 | D:15     | Reached skill level 15 in Unarmed Combat
  5250 | D:15     | Noticed a fire dragon
  5269 | D:15     | Killed a fire dragon
  5840 | Orc:1    | Entered Level 1 of the Orcish Mines
  5929 | Orc:1    | Found a frozen archway.
  5988 | IceCv    | Entered an ice cave
  6028 | IceCv    | Reached ****** piety under the Shining One
  6181 | IceCv    | Noticed a reaper
  6188 | IceCv    | Killed a reaper
  6323 | Orc:1    | Found a dark tunnel.
  6345 | Volcano  | Entered a volcano
  6366 | Volcano  | Found a bloodstained altar of Trog.
  6561 | Orc:2    | Entered Level 2 of the Orcish Mines
  6565 | Orc:2    | Noticed an ettin
  6674 | Orc:1    | Reached skill level 16 in Unarmed Combat
  6755 | Orc:2    | Noticed an orc warlord
  6773 | Orc:2    | Killed an orc warlord
  6773 | Orc:2    | Reached XP level 14. HP: 123/131 MP: 12/20
  6878 | Orc:2    | Found Engas's General Store.
  6886 | Orc:2    | Bought a potion of curing for 45 gold pieces
  6886 | Orc:2    | Bought a scroll of magic mapping for 52 gold pieces
  7088 | Orc:2    | Noticed a stone giant
  7093 | Orc:2    | HP: 2/131 [stone giant/large rock (13)]
  7102 | Orc:2    | Killed a stone giant
  7114 | Orc:2    | Found Plog's Antique Armour Emporium.
  7138 | Orc:2    | HP: 6/131 [orc priest/divine providence (14)]
  7210 | Orc:2    | Found Ahiet's Book Emporium.
  7263 | Orc:2    | ctrl q
  7363 | Orc:2    | Found a staircase to the Elven Halls.
  7374 | Orc:2    | Reached skill level 10 in Invocations
  7460 | Orc:2    | Found Qayggogra's Antique Weapon Boutique.
  7468 | Orc:2    | great
  7491 | Orc:2    | Found a roughly hewn altar of Beogh.
  7581 | Elf:1    | Entered Level 1 of the Elven Halls
  7863 | Elf:3    | Entered Level 3 of the Elven Halls
  7865 | Elf:3    | last hope
  7884 | Elf:3    | Found a flickering gateway to a bazaar.
  7893 | Bazaar   | Entered a bazaar
  7907 | Bazaar   | Found Xunic's Armour Emporium.
  7922 | Bazaar   | Found Boudo's Magic Scroll Emporium.
  7937 | Bazaar   | Found Offiwod's Jewellery Emporium.
  7958 | Bazaar   | Bought the ring of Hospitality {Wiz *Corrode +Blink +Inv MR+++} for 509 gold pieces
  7958 | Bazaar   | Bought the amulet "Loqel" {+Rage Str+3 Dex+2} for 517 gold pieces
  7979 | Bazaar   | Bought 2 scrolls of enchant armour for 165 gold pieces
  7979 | Bazaar   | Bought a scroll of identify for 22 gold pieces
  7979 | Bazaar   | Bought a scroll of fog for 22 gold pieces
  7979 | Bazaar   | Bought a scroll of recharging for 104 gold pieces
  7979 | Bazaar   | Bought a scroll of magic mapping for 38 gold pieces
  7979 | Bazaar   | Bought a scroll of identify for 22 gold pieces
  7979 | Bazaar   | Bought a scroll of identify for 22 gold pieces
  7979 | Bazaar   | Bought a scroll of identify for 22 gold pieces
  8162 | Elf:2    | Found Etiliw's Jewellery Boutique.
  8194 | Elf:2    | Found Anumoq's Armour Shoppe.
  8202 | Elf:2    | at least its crap
  8202 | Elf:2    | Found Paodoski's Magic Scroll Shoppe.
  8210 | Elf:2    | Bought a scroll of magic mapping for 56 gold pieces
  8210 | Elf:2    | Bought a scroll of teleportation for 48 gold pieces
  8211 | Elf:2    | Found Ummoti's Magic Scroll Shoppe.
  8241 | Elf:1    | Identified the Guide on Calling (You found it on level 1 of the Elven Halls)
  8287 | Elf:2    | Reached skill level 17 in Unarmed Combat
  8330 | Elf:2    | Bought a scroll of identify for 36 gold pieces
  8401 | Elf:2    | Noticed a deep elf elementalist
  8407 | Elf:3    | Killed a deep elf elementalist
  8450 | Elf:3    | Noticed a deep elf elementalist
  8451 | Elf:3    | Killed a deep elf elementalist
  8464 | Elf:3    | Reached XP level 15. HP: 137/137 MP: 21/21
  8485 | Elf:3    | Noticed a deep elf sorcerer
  8504 | Elf:3    | Killed a deep elf sorcerer
  8504 | Elf:3    | Reached skill level 10 in Shields
  8517 | Elf:3    | Noticed a deep elf sorcerer
  8530 | Elf:3    | Killed a deep elf sorcerer
  8548 | Elf:3    | Noticed a deep elf sorcerer
  8574 | Elf:3    | Killed a deep elf sorcerer
  8630 | Elf:3    | Noticed a deep elf blademaster
  8638 | Elf:3    | Killed a deep elf blademaster
  8671 | Elf:3    | Noticed a deep elf sorcerer
  8697 | Elf:3    | Killed a deep elf sorcerer
  8700 | Elf:3    | Noticed a deep elf sorcerer
  8711 | Elf:3    | Killed a deep elf sorcerer
  8715 | Elf:3    | Noticed a deep elf sorcerer
  8726 | Elf:3    | Killed a deep elf sorcerer
  8730 | Elf:3    | Noticed a deep elf blademaster
  8744 | Elf:3    | Noticed a deep elf master archer
  8744 | Elf:3    | Killed a deep elf blademaster
  8886 | Elf:3    | Got a twitching bone amulet
  8888 | Elf:3    | Identified the amulet of Mewanonya {Gourm rElec Stlth+} (You found it on level 3 of the Elven Halls)
  8996 | Elf:3    | Noticed a deep elf master archer
  9002 | Elf:3    | Killed a deep elf master archer
  9004 | Elf:3    | Got a vibrating emerald amulet
  9007 | Elf:3    | Noticed a deep elf blademaster
  9019 | Elf:3    | Identified the amulet of Iqoa {RegenMP Str+3 Int+6 Stlth-} (You took it off a deep elf annihilator on level 3 of the Elven Halls)
  9115 | Elf:3    | Reached skill level 18 in Unarmed Combat
  9183 | Elf:3    | Got an encrusted fire dragon armour
  9232 | Elf:3    | Killed a deep elf master archer
  9286 | Elf:3    | Noticed a deep elf master archer
  9310 | Elf:3    | Shot with an arrow by a deep elf master archer

Vault maps used:
D:1:      roderic_dead_forest
D:2:      uniq_robin
D:3:      nemelex_dance_club_becter, uniq_grinder
D:4:      tgw_sif, first_bread, minivault_11, minmay_liquid_box,
          kennysheep_windowed_goal
D:5:      wad_crossroads, basic_altar, nemelex_diamond_rough_becter
D:6:      gup_sewer_entry_pipe, minmay_holes, minmay_crystal_water
D:7:      nicolae_ossuary_entry_false_entrances, uniq_duvessa
D:8:      kennysheep_mini_moat
D:9:      elyvilon_altar_4, johnstein_pakellas_death_squad, erik_orc_3,
          basic_altar, grunt_ogre_cave
D:11:     erik_lair_orcish_takeover
D:14:     erik_vaults_1, uniq_agnes
D:15:     grunt_enter_depths_snipers, serial_ice, serial_ice_o, serial_ice_k,
          serial_ice_m, serial_ice_f
Temple:   hc_temple_tempest_star
Orc:1:    nicolae_volcano_entry_s_turn, portal_ice_cave_entry_animals_and_master
Orc:2:    grunt_orc_gardens, grunt_orc_garden, grunt_orc_garden,
          grunt_orc_garden, grunt_orc_garden, bh_open_orc_temple
Elf:1:    minmay_elf_demonology, minmay_shop_star
Elf:2:    serial_shops, shop_scrolls, nicolae_shop_trees, nicolae_shop_crystal,
          shop, shop, grunt_ministairs_4, hangedman_elven_ridges, uniq_roxanne,
          uniq_louise
Elf:3:    minmay_elf_hall_furrowed, serial_shops, bzr_entry_gold
Bazaar:   bazaar_short_row
Sewer:    sewer_kobolds
Ossuary:  minmay_ossuary_two_tombs
IceCv:    ice_cave_small_demon
Volcano:  kennysheep_volcano_temple

Skill      XL: |  1  2  3  4  5  6  7  8  9 10 11 12 13 14 15 |
---------------+----------------------------------------------+-----
Unarmed Combat | 1 2 3 4 6 7 8 9 10 12 13 14 16 17 18 | 18.1
Dodging        | 2 3 4 5 7 |  7.4
Invocations    | 2 3 4 6 7 8 9 10 | 10.0
Fighting       | 1 2 4 5 6 |  6.3
Shields        | 4 7 9 11 | 11.3
Spellcasting   | 3 4 |  4.3
Stealth        | |  1.1
Conjurations   | |  0.6
Air Magic      | |  2.0

Action                   |  1- 3 |  4- 6 |  7- 9 | 10-12 | 13-15 || total
-------------------------+-------+-------+-------+-------+-------++-------
Melee: Unarmed           |    50 |    58 |   302 |   461 |   757 ||  1628
       Punch             |     1 |     1 |    12 |    15 |       ||    29
       Headbutt          |       |       |       |       |   120 ||   120
Throw: Large rock        |       |       |       |     7 |     5 ||    12
       Throwing net      |       |       |       |       |     1 ||     1
 Cast: Repel Missiles    |       |       |     1 |       |     2 ||     3
Invok: Divine Shield     |       |       |     2 |     8 |     3 ||    13
       Summon Divine War |       |       |       |     6 |    11 ||    17
Evoke: Wand              |       |       |     2 |     7 |    13 ||    22
  Use: Potion            |     2 |       |     1 |     1 |     7 ||    11
       Scroll            |       |    11 |     1 |     5 |    17 ||    34
 Stab: Sleeping          |     1 |       |       |       |       ||     1
  Eat: Chunk             |     7 |     5 |    20 |    30 |    48 ||   110
       Beef jerky        |     1 |       |       |       |     1 ||     2
Armor: Robe              |     8 |    14 |    63 |    53 |    80 ||   218
       Skin              |       |       |       |     8 |       ||     8
Dodge: Dodged            |    38 |    39 |   143 |   182 |   201 ||   603
       Deflected         |       |       |     1 |       |     3 ||     4
Block: Other             |       |       |    13 |    24 |       ||    37
       Shield            |       |       |       |    62 |   217 ||   279
